Map: Ultralove

Players

LiquidClem (Clem) - Winner!

  • Race: Terran Terran
  • League: Master
  • Spawn Location: 1:00

DKZherO (herO)

  • Race: Protoss Protoss
  • Spawn Location: 7:00

VOD

Have the link to the VOD?

Description

Time

  • Played on: Dec. 16, 2024, 10:54 a.m.
  • Length: 9:22
Show
View Real Time Build Order
Export as new Build Order

LiquidClem Terran - Winner!

Build Orders: Liberator Opening 

Get SALT Encoding   

  12  0:00  SCV  
  13  0:12  SCV  
  14  0:17  Supply Depot  
  14  0:24  SCV  
  15  0:31  Refinery  
  15  0:38  SCV  
  16  0:47  Barracks  
  16  0:50  SCV  
  17  1:02  SCV  
  18  1:14  SCV  
  18  1:15  Engineering Bay  
  19  1:34  Marine  
  19  1:35  Orbital Command  
  19  1:38  Factory  
  20  1:52  Barracks Reactor  
  20  2:00  SCV  
  21  2:09  Supply Depot  
  21  2:13  SCV  
  22  2:20  Command Center  
  22  2:25  SCV  
  23  2:33  Starport  
  23  2:38  SCV  
  23  2:39  Refinery  
  23  2:42  Marine  
  23  2:43  Marine  
  26  2:50  Supply Depot  
  26  2:53  SCV  
  26  2:57  Widow Mine  
  29  3:02  Marine x2  
  31  3:12  SCV  
  31  3:13  Medivac  
  32  3:20  Hellion  
  32  3:21  Marine  
  32  3:24  SCV  
  32  3:25  Marine  
  36  3:36  SCV  
  36  3:39  Marine  
  38  3:43  Marine  
  40  3:48  SCV, Liberator  
  40  3:49  Factory Tech Lab  
  43  3:57  Marine  
  43  4:00  SCV, Marine  
  45  4:10  SCV  
  45  4:12  SCV  
  43  4:19  Marine x2  
  43  4:20  Cyclone  
  43  4:23  Orbital Command  
  48  4:24  SCV  
  48  4:35  Viking  
  48  4:36  SCV  
  48  4:37  Marine x2  
  53  4:49  SCV  
  54  4:54  Supply Depot  
  54  4:56  Cyclone, SCV, Marine x2  
  60  5:01  SCV  
  59  5:08  SCV  
  59  5:12  Viking  
  62  5:14  Marine  
  62  5:15  SCV  
  62  5:16  Marine  
  62  5:20  SCV, Supply Depot  
  65  5:26  Barracks  
  65  5:27  SCV  
  66  5:30  Siege Tank  
  66  5:32  SCV, Marine  
  66  5:34  Marine  
  70  5:39  Supply Depot  
  70  5:40  SCV  
  70  5:44  SCV  
  70  5:46  Viking  
  70  5:49  Supply Depot  
  71  5:50  Marine  
  71  5:52  SCV, Marine  
  71  5:57  SCV  
  75  6:02  Barracks  
  75  6:03  Refinery  
  75  6:05  Refinery  
  75  6:06  Siege Tank  
  75  6:09  SCV  
  75  6:10  SCV  
  78  6:21  SCV  
  78  6:22  SCV  
  79  6:26  Supply Depot  
  79  6:27  Engineering Bay, Barracks Reactor  
  79  6:29  Viking  
  79  6:31  Viking  
  82  6:33  SCV  
  82  6:34  SCV  
  80  6:41  Siege Tank  
  80  6:45  SCV  
  80  6:46  SCV  
  85  6:50  Barracks Tech Lab  
  83  6:57  SCV  
  83  6:58  SCV, Terran Infantry Weapons Level 1  
  83  6:59  Supply Depot  
  85  7:02  Viking  
  85  7:04  Viking, Marine  
  85  7:05  Marine  
  85  7:06  Marine  
  92  7:09  SCV  
  92  7:10  Marine  
  92  7:14  Stimpack  
  94  7:17  SCV, Supply Depot  
  94  7:22  Marine  
  96  7:23  Marine  
  96  7:25  Siege Tank  
  96  7:26  Marine  
  96  7:28  Marine  
  96  7:29  Supply Depot  
  102  7:31  SCV  
  102  7:34  Viking  
  105  7:39  Marine  
  105  7:40  Viking  
  105  7:42  Marine  
  109  7:46  Supply Depot  
  109  7:47  Marine  
  110  7:52  Command Center  
  110  7:58  Marine x2  
  110  7:59  Supply Depot  
  110  8:02  Siege Tank  
  114  8:06  Marine, Barracks Tech Lab  
  114  8:10  Medivac  
  113  8:16  Marine x2  
  113  8:17  Supply Depot  
  109  8:24  Marine  
  109  8:27  Barracks x2  
  109  8:28  Marine  
  109  8:34  Viking, Marine x2  
  100  8:39  Siege Tank  
  103  8:42  Marine  
  103  8:46  Viking  
  103  8:48  Marauder  
  108  8:52  Marine  
  107  8:57  Marauder  
  107  9:00  Marine  
  108  9:06  SCV  
Show
View Real Time Build Order
Export as new Build Order

DKZherO Protoss 

Build Orders: Phoenix Opening 

Get SALT Encoding   

  12  0:00  Probe  
  13  0:12  Probe  
  14  0:17  Pylon  
  14  0:24  Probe  
  15  0:34  Probe  
  15  0:35  Gateway  
  15  0:41  Assimilator  
  15  0:42  Probe  
  17  0:51  Probe  
  18  1:03  Probe  
  19  1:15  Probe  
  20  1:22  Cybernetics Core  
  20  1:27  Probe  
  21  1:34  Pylon  
  21  1:39  Probe  
  22  1:49  Adept  
  22  1:51  Probe  
  25  2:02  Nexus  
  25  2:07  Warp Gate  
  26  2:09  Adept  
  26  2:13  Assimilator  
  24  2:20  Probe  
  27  2:28  Pylon  
  27  2:32  Probe  
  28  2:38  Adept  
  30  2:44  Probe  
  31  2:56  Probe  
  32  3:00  Stargate  
  32  3:09  Probe  
  32  3:10  Adept  
  35  3:17  Probe  
  36  3:21  Probe  
  37  3:33  Probe x2  
  39  3:36  Phoenix  
  39  3:39  Gateway  
  39  3:45  Probe x2  
  43  3:50  Pylon  
  43  3:52  Shield Battery  
  43  3:54  Adept  
  45  3:59  Phoenix, Probe x2  
  47  4:16  Phoenix  
  44  4:19  Probe x2  
  45  4:25  Adept  
  49  4:34  Probe  
  49  4:35  Probe  
  49  4:37  Assimilator  
  49  4:38  Assimilator  
  51  4:41  Phoenix  
  51  4:45  Pylon  
  53  4:51  Adept x2  
  53  4:52  Probe  
  56  5:02  Phoenix  
  56  5:10  Probe x2  
  56  5:13  Adept x2  
  58  5:21  Phoenix  
  58  5:22  Probe x2  
  62  5:34  Adept x2, Pylon  
  66  5:36  Probe x2  
  68  5:49  Probe x2  
  68  5:51  Phoenix, Robotics Facility  
  68  5:57  Stalker x2  
  72  6:12  Pylon  
  72  6:14  Nexus  
  70  6:21  Probe  
  70  6:22  Probe  
  70  6:25  Phoenix  
  74  6:26  Forge  
  74  6:36  Probe  
  74  6:37  Probe  
  74  6:38  Sentry x2  
  78  6:40  Robotics Bay  
  78  6:47  Pylon  
  78  6:48  Immortal  
  78  6:50  Probe  
  81  6:56  Probe  
  81  6:58  Phoenix  
  82  7:04  Gateway  
  82  7:05  Gateway  
  82  7:06  Probe  
  82  7:08  Probe  
  84  7:10  Protoss Ground Weapons Level 1  
  84  7:11  Phoenix  
  84  7:15  Zealot, Sentry  
  88  7:19  Pylon  
  88  7:22  Shield Battery  
  90  7:25  Probe x2  
  90  7:27  Probe  
  93  7:33  Colossus  
  93  7:36  Twilight Council  
  93  7:45  Zealot x2  
  93  7:50  Probe x2  
  93  7:51  Probe  
  106  7:53  Shield Battery  
  106  7:55  Phoenix  
  108  7:59  Pylon  
  108  8:02  Probe  
  108  8:09  Stalker x2  
  108  8:10  Stalker  
  110  8:14  Colossus  
  110  8:16  Zealot  
  91  8:38  Stalker x3  
  91  8:39  Zealot  
  68  8:56  Phoenix  
  68  9:01  Zealot x2  
  68  9:02  Stalker x2  
Tags
 
Add a new tag
Caveats
  • Supply blocks, unpowered buildings, or Contaminate may cause inaccurate times.
  • Supply counts are checked every 10 seconds.